 Dungeon Sprint DCSS version 0.30.1-4-g462c640d31 (webtiles) character file.

Game seed: 18219618337010219825

2 boopmooplesden the Slasher (level 1, 0/30 HPs)
             Began as an Armataur Berserker on Aug 16, 2023.
             Was a Follower of Trog.
             Slain by a jackal (3 damage)
             ... in the Dungeon (Sprint VII: "The Pits").
             The game lasted 00:00:09 (32 turns).

boopmooplesden the Slasher (Armataur Berserker)       Turns: 32, Time: 00:00:10

Health: 0/30       AC:  4    Str: 22    XL:     1   Next: 33%
Magic:  1/1        EV:  9    Int:  7    God:    Trog [*.....]
Gold:   0          SH:  0    Dex:  9    Spells: 0/0 levels left

rFire   . . .        a - +0 falchion
rCold   . . .        (no shield)
rNeg    . . .        b - +0 animal skin
rPois   .            (no helmet)
rElec   .            (no cloak)
rCorr   .            (no gloves)
SInv    .            (no barding)
Will    .....        (no amulet) Stlth
                     (no ring)
HPRegen 0.25/turn    (no ring)
MPRegen 0.07/turn

%: no teleportation, roll
@: berserking, very quick
A: large, rugged brown scales 3, deformed body, armoured tail, roll, long
tongue, awkward tongue
a: Renounce Religion, Berserk


You were in the Dungeon.
You worshipped Trog.
Trog was aware of your devotion.
You visited 1 branch

Inventory:

Hand Weapons
 a - a +0 falchion (weapon)
Armour
 b - a +0 animal skin (worn)
Scrolls
 h - a scroll of blinking
Potions
 c - a potion of curing
 d - a potion of heal wounds
 e - a potion of haste
 f - 2 potions of magic
 g - a potion of berserk rage


   Skills:
 + Level 3.1 Fighting
 + Level 3.1 Long Blades
 + Level 2.6 Armour
 + Level 1.5 Dodging


You couldn't memorise any spells.
You didn't know any spells.
Your spell library was empty.

Dungeon Overview and Level Annotations

Branches:
Dungeon (1/1)

Altars:


Innate Abilities, Weirdness & Mutations

You are completely covered in rugged brown scales. (AC +3, +7% HP)
Armour fits poorly on your strangely shaped body.
You have a long armoured tail.
You roll when moving toward enemies. (Rampage)
Your long tongue fully drains potion bottles. (2x potion effects)
Your tongue gives you trouble enunciating. (1.5x scroll delay)


Message History

You closely miss the jackal. The jackal barely misses you.
The jackal closely misses you. The jackal barely misses you. x2
You hit the jackal but do no damage. The jackal bites you. x3
The jackal closely misses you.
The jackal bites you but does no damage.
You hit the jackal.
You kill the jackal!
Trog accepts your kill.
The jackal bites you but does no damage. x3
The jackal closely misses you.
Your Fighting skill increases to level 3!
The jackal attacks as you move away! The jackal closely misses you.
You closely miss the jackal.
Your tail-slap misses the jackal.
The jackal bites you. The jackal barely misses you.
You closely miss the jackal.
Your tail-slap misses the jackal.
The jackal barely misses you. x3
The jackal bites you but does no damage.
You closely miss the jackal. Your punch misses the jackal.
The jackal barely misses you. The jackal completely misses you.
You barely miss the jackal. The jackal barely misses you. The jackal bites you.
The jackal bites you but does no damage. x2
You barely miss the jackal. The jackal misses you.
The jackal completely misses you.
You hit the jackal.
The jackal is severely wounded.
The jackal bites you.
* * * LOW HITPOINT WARNING * * *
The jackal closely misses you. The jackal bites you.
* * * LOW HITPOINT WARNING * * *
The jackal bites you but does no damage.
A red film seems to cover your vision as you go berserk!
You feel yourself moving faster!
You feel mighty! The jackal barely misses you. The jackal bites you.
* * * LOW HITPOINT WARNING * * *
The jackal barely misses you. The jackal bites you.
* * * LOW HITPOINT WARNING * * *
You barely miss the jackal. The jackal bites you.
* * * LOW HITPOINT WARNING * * *
The jackal bites you.
You die...

##########++
#+##...........
+.##......#..#.
#######h##...........
.......@h'...........
####+#####......#..#.
#...........
####'#####++
#.......# #.......#
#.......# #...<...#
#.......#


You could see 2 jackals.

Vanquished Creatures
  2 jackals (D)
2 creatures vanquished.

Notes
Turn   | Place    | Note
-------+----------+-------------------------------------------
     0 | D        | boopmooplesden the Armataur Berserker began the quest for
                  | the Orb.
     0 | D        | Reached XP level 1. HP: 19/19 MP: 1/1
    32 | D        | Slain by a jackal

Illustrated notes

Levels and vault maps discovered:
D:        pitsprint [storerooms_1, entrance_room_1, metal_vault_1, armoury_2,
          mini_pit_1, grid_room_1, main_hall_1, silver_pit, the_coven_1,
          the_vestibule_1, steel_vault_1, golden_pit, hallway_of_sentries,
          crystal_vault_4, iron_vault_5, final_vault]

Skill      XL: |  1 |
---------------+----+-----
Long Blades    | 3 |  3.1
Fighting       | 3 |  3.1
Armour         | |  2.6
Dodging        | |  1.5

Action                     || total
---------------------------++-------
  Melee: Falchion          ||    19
         Tailslap          ||     1
 Invoke: Berserk           ||     1
 Armour: Animal skin       ||    18
  Dodge: Dodged            ||    30
